 Dungeon Crawl Stone Soup version 0.29.1-13-g9f3cf754e1 (webtiles) character file.

Game seed: 1346805262880899255

54 theswoord the Shooter (level 3, 0/32 HPs)
             Began as a Naga Hunter on Jan 23, 2023.
             Slain by a bullfrog (6 damage)
             ... on level 3 of the Dungeon.
             The game lasted 00:02:00 (2118 turns).

theswoord the Shooter (Naga Hunter)                 Turns: 2118, Time: 00:02:00

Health: 0/32       AC:  2    Str: 15    XL:     3   Next: 91%
Magic:  12/12      EV:  9    Int:  9    God:
Gold:   128        SH:  0    Dex: 14    Spells: 2/2 levels left

rFire   . . .      SeeInvis +   a - +0 shortbow
rCold   . . .      Faith    .   (shield currently unavailable)
rNeg    . . .      Spirit   .   c - +0 leather armour
rPois   +          Reflect  .   (no helmet)
rElec   .          Harm     .   (no cloak)
rCorr   .          Rampage  .   (no gloves)
Will    .....                   (no barding)
Stlth   ++........              i - amulet of the acrobat
HPRegen 0.10/turn               m - ring of magical power
MPRegen 0.13/turn               (no ring)

@: short of breath, hasted, quick
A: AC +1, large, see invisible, deformed body, poison resistance, slowness 2,
spit poison 1, naga tail 1
a: Spit Poison


You were on level 3 of the Dungeon.
You visited 1 branch of the dungeon, and saw 3 of its levels.

You collected 128 gold pieces.

Inventory:

Hand Weapons
 a - a +0 shortbow (weapon)
 g - a +0 mace
Armour
 c - a +0 leather armour (worn)
Jewellery
 i - an amulet of the acrobat (around neck)
 m - a ring of magical power (left hand)
Scrolls
 b - a scroll of immolation
 d - 3 scrolls of blinking {unknown}
 e - 3 scrolls of teleportation {unknown}
 f - a scroll of torment {unknown}
 j - a scroll of brand weapon {unknown}
 k - 2 scrolls of identify {unknown}
 l - a scroll of silence {unknown}
 n - a scroll of magic mapping {unknown}


   Skills:
 - Level 2.0 Fighting
 + Level 4.9 Ranged Weapons
 - Level 1.5 Dodging
 - Level 1.5 Stealth


You had 2 spell levels left.
You didn't know any spells.
Your spell library was empty.

Dungeon Overview and Level Annotations

Branches:
Dungeon (3/15)

Altars:


Innate Abilities, Weirdness & Mutations

Your serpentine skin is tough. (AC +1)
You have supernaturally acute eyesight. (SInv)
Armour fits poorly on your strangely shaped body.
Your system is resistant to poisons. (rPois)
You cover ground very slowly.
You can spit poison.
You have a snake-like lower body.


Message History

The arrow hits the rat!
You kill the rat!
The hobgoblin hits you but does no damage.
You shoot an arrow. The arrow barely misses the hobgoblin.
The arrow hits the hobgoblin!
You kill the hobgoblin!
The hobgoblin hits you.
The hobgoblin hits you but does no damage.
You shoot an arrow. The arrow hits the hobgoblin.
You kill the hobgoblin!
The bullfrog closely misses you.
You shoot an arrow. The arrow barely misses the bullfrog.
The arrow hits the kobold but does no damage.
The bullfrog hits you. The bullfrog closely misses you.
You shoot an arrow. The arrow closely misses the bullfrog.
The arrow closely misses the kobold.
The bullfrog barely misses you. The bullfrog hits you.
* * * LOW HITPOINT WARNING * * *
You shoot an arrow. The arrow closely misses the bullfrog.
The arrow closely misses the kobold.
The bullfrog closely misses you. The bullfrog hits you.
* * * LOW HITPOINT WARNING * * *
You shoot an arrow. The arrow hits the bullfrog.
The bullfrog is lightly wounded.
The bullfrog barely misses you. The bullfrog closely misses you.
Aiming: Spit Poison (2% risk of failure)
Press: ? - help, Q - select action, (/) - cycle Shift-Dir - straight line, f/p - bullfrog
Aim: a bullfrog (lightly wounded, 50% to hit)
Okay, then.
Aiming: Spit Poison (2% risk of failure)
Press: ? - help, Shift-Dir - straight line, f/p - bullfrog
Aim: a bullfrog (lightly wounded, 50% to hit)
The splash of poison misses the bullfrog.
The splash of poison hits the kobold.
The kobold is poisoned.
You kill the kobold!
The bullfrog hits you!
* * * LOW HITPOINT WARNING * * *
It was a potion of haste.
You feel yourself speed up. The bullfrog completely misses you.
The bullfrog hits you.
You die...

##############
###......@Fl.[.#
#...#....##'##....#
#.#...####...# #..
#...###..#...#
######..##.#..#...#
........(..#..#...#
.#####.)##.#..#...#
##..###..#...# #
####....##'# +##..


You could see a bullfrog and an iguana.

Vanquished Creatures
  A worm (D:2)
  2 dart slugs
  4 ball pythons (D:1)
  2 bats
  4 endoplasms
  A giant cockroach (D:2)
  7 goblins
  7 hobgoblins
  3 frilled lizards
  7 kobolds
  4 rats
42 creatures vanquished.

Notes
Turn   | Place    | Note
-------+----------+-------------------------------------------
     0 | D:1      | theswoord the Naga Hunter began the quest for the Orb.
     0 | D:1      | Reached XP level 1. HP: 19/19 MP: 1/1
   276 | D:1      | Found a faded altar of an unknown god.
   279 | D:1      | Reached skill level 4 in Ranged Weapons
   279 | D:1      | Reached XP level 2. HP: 26/26 MP: 2/2
  1292 | D:2      | Reached XP level 3. HP: 32/32 MP: 3/3
  2103 | D:3      | Noticed a bullfrog
  2118 | D:3      | Slain by a bullfrog

Skill      XL: |  1 |
---------------+----+-----
Ranged Weapons | 4 |  4.9
Fighting       | |  2.0
Dodging        | |  1.5
Stealth        | |  1.5

Action                   || total
-------------------------++-------
 Fire: Shortbow          ||   117
 Abil: Spit Poison       ||     1
  Use: Potion            ||     1
Armor: Leather armour    ||     9
Dodge: Dodged            ||    30

Levels and vault maps discovered:
D:1:      tarquinn_simple_flora_water_d, layout_basic,
          dreamdust_ecumenical_altar_statues, chequers_serial_rivers_small_b,
          kennysheep_boxes
D:2:      layout_loops_corners
D:3:      layout_loops_ring, minmay_divided_ellipse, uniq_natasha
